 Dungeon Crawl Stone Soup version 0.17.1-2-g5865329 (webtiles) character file.

46592 WBL1 the Destroyer (level 14, -14/76 HPs)
             Began as an Octopode Wizard on Feb 1, 2016.
             Was a High Priest of Sif Muna.
             Shot with a poisoned arrow by Nessos (29 damage)
             ... on level 7 of the Lair of Beasts on Feb 2, 2016.
             The game lasted 05:02:06 (28909 turns).

WBL1 the Destroyer (Octopode Wizard)               Turns: 28909, Time: 05:02:08

Health: -14/76     AC:  3    Str:  6    XL:     14   Next: 38%
Magic:  30/37      EV:  8    Int: 22    God:    Sif Muna [*****.]
Gold:   1275       SH:  4    Dex: 11    Spells: 11 memorised, 1 level left

rFire  + + .     SeeInvis .     w - +5 spear "Letefe" {pierce, *Noise rF+ MP+9 Int-3}
rCold  + . .     Clarity  .     g - +0 buckler
rNeg   . . .     SustAt   .     e - +2 hat {MR+}
rPois  .         Gourm    +     i - amulet of the gourmand
rElec  .         Spirit   .     y - +1 ring of evasion
rCorr  .         Warding  .     A - ring of wizardry
rMut   .         Stasis   .     d - ring of protection from cold
MR     ++...                    v - ring of protection from fire
Stlth  ++++......               (no ring)
                                (no ring)
                                (no ring)
                                (no ring)

@: lethally poisoned (-14 -> -47), repel missiles, very resistant to hostile
enchantments, stealthy
A: almost no armour, amphibious, 8 rings, constrict 8, camouflage 1, wild magic
1, gelatinous body 1
a: Channel Energy, Forget Spell, Renounce Religion


You were on level 7 of the Lair of Beasts.
You worshipped Sif Muna.
Sif Muna was extremely pleased with you.
You were full.

You visited 2 branches of the dungeon, and saw 18 of its levels.
You also visited: Ossuary.

You collected 1275 gold pieces.

Inventory:

Hand Weapons
 j - a +2 hand crossbow of velocity
 w - the +5 spear "Letefe" (weapon) {pierce, *Noise rF+ MP+9 Int-3}
   (You found it on level 7 of the Dungeon)

   It inflicts extra damage upon your enemies.
   It affects your intelligence (-3).
   It protects you from fire.
   It affects your magic capacity (+9).
   It may make noises in combat.
 Q - the +8 whip "Snakebite" {curare, rPois}
   (You found it on level 6 of the Lair of Beasts)

   It poisons the flesh of those it strikes.
   It protects you from poison.
Armour
 e - a +2 hat of magic resistance (worn)
 g - a +0 buckler (worn)
Magical Staves
 W - an uncursed staff of conjuration
 Y - an uncursed staff of wizardry
Rods
 q - a +2 lightning rod (10/10)
   (You found it on level 5 of the Lair of Beasts)
Jewellery
 d - a ring of protection from cold (on tentacle)
 i - an amulet of the gourmand (around mantle)
 v - a ring of protection from fire (on tentacle)
 y - a +1 ring of evasion (left tentacle)
 A - a ring of wizardry (right tentacle)
Wands
 b - a wand of slowing (26)
 p - a wand of polymorph (9)
 C - a wand of teleportation (4)
 O - a wand of digging (12)
 X - a wand of cold (15)
Scrolls
 h - a scroll of brand weapon {unknown}
 k - 2 scrolls of torment {unknown}
 l - 3 scrolls of fog {unknown}
 m - 3 scrolls of noise
 n - 2 scrolls of amnesia {unknown}
 o - 3 scrolls of blinking
 r - 2 scrolls of random uselessness {unknown}
 u - 5 scrolls of fear
 x - a scroll of magic mapping {unknown}
 z - a scroll of silence {unknown}
 G - 4 scrolls of teleportation
 I - a scroll of immolation {unknown}
 L - a scroll of enchant weapon {unknown}
 N - a scroll of recharging
 P - 13 scrolls of remove curse
 V - a scroll of summoning {unknown}
Potions
 a - 5 potions of heal wounds
 t - a potion of haste {unknown}
 B - 5 potions of curing
 E - 3 potions of magic
 F - 4 potions of agility
 H - a potion of poison {unknown}
 J - 2 potions of invisibility {unknown}
 K - a potion of cure mutation {unknown}
 M - a potion of mutation {unknown}
 R - a potion of berserk rage {unknown}
 S - 2 potions of resistance {unknown}
 Z - 2 potions of brilliance {unknown}
Books
 s - Sif Muna's Tome of Torrid Blows and Bruises
   (Sif Muna gifted it to you on level 2 of the Lair of Beasts)

   Spells                             Type                      Level
   a - Throw Frost                    Conjuration/Ice              2
   b - Searing Ray                    Conjuration                  2
   c - Sticky Flame                   Conjuration/Fire             4
   d - Bolt of Magma                  Conjuration/Fire/Earth       5
   e - Delayed Fireball               Conjuration/Fire             7
 D - a book of Geomancy

   Spells                             Type                      Level
   a - Sandblast                      Earth                        1
   b - Stoneskin                      Transmutation/Earth          2
   c - Passwall                       Transmutation/Earth          3
   d - Stone Arrow                    Conjuration/Earth            3
   e - Petrify                        Transmutation/Earth          4
   f - Lee's Rapid Deconstruction     Earth                        5
Comestibles
 c - 7 bread rations
 f - 6 beef jerkies
 T - a meat ration


   Skills:
 - Level 2.0 Dodging
 - Level 3.5 Stealth
 - Level 4.0 Shields
 - Level 10.0 Spellcasting
 - Level 13.0 Conjurations
 - Level 7.1 Charms
   Level 1.0 Summonings
 - Level 3.0 Translocations
 + Level 6.0 Fire Magic
 - Level 10.0 Earth Magic
 - Level 12.0 Invocations


You had one spell level left.
You knew the following spells:

 Your Spells              Type           Power        Failure   Level  Hunger
a - Magic Dart            Conj           ####         1%          1    None
b - Mephitic Cloud        Conj/Pois/Air  #####...     3%          3    None
c - Conjure Flame         Conj/Fire      ######..     1%          3    None
d - Blink                 Tloc           N/A          2%          2    None
e - Repel Missiles        Chrm/Air       #####.       2%          2    None
f - Iskenderun's Mystic   Conj           #######.     1%          4    ##.....
g - Bolt of Magma         Conj/Fire/Erth ######....   3%          5    ####...
h - Petrify               Trmt/Erth      #####...     8%          4    ##.....
i - Apportation           Tloc           #####.....   1%          1    None
j - Corona                Hex            ###....      6%          1    None
k - Iron Shot             Conj/Erth      #######...   8%          6    ######.


Dungeon Overview and Level Annotations

Branches:
Dungeon (10/15)            Temple (0/1) D:4            Lair (8/8) D:9
  Swamp (0/4) Lair:3        Snake (0/4) Lair:3        Slime (0/6) Lair:7
    Orc (0/4) D:9

Altars:
Ashenzari
Elyvilon
Gozag
Kikubaaqudgha
Nemelex Xobeh
Sif Muna
Vehumet
Xom

Shops:
D:9 ([

Annotations:
D:10 1 runed door
Lair:3 exclusion: 3 oklob plants
Lair:7 Nessos


Innate Abilities, Weirdness & Mutations

You cannot wear most types of armour.
You are amphibious.
You can wear up to eight rings at the same time.
You can use your tentacles to constrict eight enemies at once.
Your skin changes colour to match your surroundings (Stealth).
Your rubbery body absorbs attacks (AC +1).
Your spells are a little harder to cast, but a little more powerful.


Message History

Nessos mumbles some strange words.
Nessos seems to speed up.
Nessos shoots a poisoned arrow.
The poisoned arrow is repelled.
Casting: Iskenderun's Mystic Blast
Confirm with . or Enter, or press ? or * to list all spells.
Aiming: Iskenderun's Mystic Blast
Press: ? - help, Shift-Dir - straight line, f/p - Nessos
Aim: Nessos, wielding a longbow of flaming and wearing a centaur barding (lightly wounded, fast)
The orb of energy hits Nessos.
Nessos is moderately wounded.
Nessos shoots a poisoned arrow.
The poisoned arrow hits you!! The poisoned arrow burns you.
You are poisoned.
You feel sick.
Nessos shoots a poisoned arrow.
The poisoned arrow hits you!!
* * * LOW HITPOINT WARNING * * *
The poisoned arrow burns you.
* * * LOW HITPOINT WARNING * * *
You are lethally poisoned!
Nessos shoots a poisoned arrow.
The poisoned arrow hits you!!
You die...

##......$....##........
#..... .c...###........
#.... ......P#........
#PP'#.. ... ##.##....
#PP.###.#.######....
####P..##.###.#.#####..
#.#...#.(..##...P.#....
#...(.......#..........
#.....@......#.........
##.........c...........
#......................
##.....................
#......................
#..t........P###.....#.
##..P>........#.#...##÷
####...÷......##.##......
#.#P.......##.######....#


You could see Nessos and a crocodile.

Vanquished Creatures
  Gastronok (Lair:1)
  The ghost of Metrazal the Unseen, a journeyman SpAs (Lair:5)
  2 hydras
  Erica (Lair:2)
  9 death yaks
  Urug (Lair:1)
  Nergalle (Lair:2)
  Pikel (D:6)
  2 hill giants (D:10)
  2 griffons (Lair:7)
  12 elephants
  Joseph (D:7)
  12 spiny frogs
  3 black mambas
  3 fire drakes
  14 komodo dragons
  Prince Ribbit (D:7)
  27 blink frogs
  A wyvern (Lair:4)
  A basilisk (Lair:4)
  37 yaks
  4 hippogriffs
  A hungry ghost (D:10)
  The ghost of Clownie the Insei, an amateur OpMo (D:4)
  2 insubstantial wisps (Lair:3)
  The ghost of NobbyNobbs the Shield-Bearer, an amateur GrFi (D:3)
  2 orc warriors (D:6)
  12 water moccasins
  2 phantoms
  A sky beast (D:9)
  3 black bears
  5 ogres
  8 porcupines
  3 scorpions
  4 ice beasts
  12 crocodiles
  2 centaurs
  13 giant frogs
  Blork the orc (D:5)
  An elf zombie (Ossuary)
  A water moccasin zombie (D:8)
  A killer bee (D:10)
  6 wights
  2 crimson imps (D:9)
  An electric eel (Lair:7)
  2 giant frog zombies
  A centaur zombie (D:5)
  A jelly (D:10)
  A quasit (D:9)
  2 human zombies (Ossuary)
  3 hounds
  7 iguanas
  4 orc priests
  8 orc wizards
  Natasha (thrice) (D:2)
  12 worker ants
  31 sheep
  A killer bee zombie (D:6)
  5 big kobold zombies (Ossuary)
  A hound zombie (Ossuary)
  4 mummies (Ossuary)
  19 adders
  36 river rats
  12 gnolls
  2 worker ant zombies
  A shadow imp (D:5)
  3 oozes
  An adder skeleton (D:4)
  An adder zombie (Ossuary)
  3 worms
  9 giant geckos
  43 orcs
  6 giant cockroaches
  7 goblins
  8 hobgoblins
  13 jackals
  2 quokkas
  A ball python (D:3)
  15 bats
  A giant gecko zombie (D:6)
  4 giant newts
  2 goblin zombies (D:5)
  2 hobgoblin zombies (Ossuary)
  A jackal skeleton (D:4)
  6 kobolds
  2 quokka skeletons
  9 rats
  3 butterflies (D:10)
  2 fungi
  2 plants
524 creatures vanquished.

Vanquished Creatures (collateral kills)
  A hobgoblin (D:2)
  A jackal (D:2)
2 creatures vanquished.

Vanquished Creatures (others)
  2 slaves (D:6)
  An orc priest (D:6)
  An orc (D:6)
  A bush (Lair:3)
  7 fungi
  10 plants (Lair:7)
22 creatures vanquished.

Grand Total: 548 creatures vanquished

Notes
Turn   | Place    | Note
--------------------------------------------------------------
     0 | D:1      | WBL1 the Octopode Wizard began the quest for the Orb.
     0 | D:1      | Reached XP level 1. HP: 11/11 MP: 4/4
   377 | D:2      | Reached XP level 2. HP: 17/17 MP: 3/6
   486 | D:2      | Found a deep blue altar of Sif Muna.
   489 | D:2      | Became a worshipper of Sif Muna the Loreminder
  1075 | D:1      | Reached XP level 3. HP: 16/21 MP: 4/7
  1087 | D:1      | Learned a level 3 spell: Mephitic Cloud
  1091 | D:1      | Learned a level 3 spell: Conjure Flame
  1485 | D:2      | Noticed Natasha
  1530 | D:2      | Reached XP level 4. HP: 21/27 MP: 4/8
  1706 | D:2      | Reached skill level 4 in Conjurations
  1992 | D:2      | Found a faded altar to an unknown god.
  2454 | D:2      | Found a shimmering altar of Xom.
  2553 | D:3      | Reached XP level 5. HP: 27/31 MP: 4/9
  2744 | D:3      | Learned a level 2 spell: Blink
  2949 | D:3      | Noticed NobbyNobbs's ghost (amateur GrFi)
  3276 | D:3      | Reached skill level 5 in Conjurations
  3811 | D:3      | Found a white marble altar of Elyvilon.
  4310 | D:4      | Found a staircase to the Ecumenical Temple.
  4375 | D:4      | Reached XP level 6. HP: 36/36 MP: 4/10
  4379 | D:4      | Learned a level 2 spell: Repel Missiles
  4504 | D:4      | Reached skill level 1 in Charms
  4527 | D:4      | Noticed Clownie's ghost (amateur OpMo)
  4665 | D:4      | Killed Clownie's ghost
  4665 | D:4      | Reached * piety under Sif Muna
  5217 | D:3      | Killed NobbyNobbs's ghost
  5217 | D:3      | Reached XP level 7. HP: 41/41 MP: 0/11
  5453 | D:2      | Reached skill level 6 in Conjurations
  5501 | D:2      | Found a radiant altar of Vehumet.
  5553 | D:2      | Killed Natasha
  6012 | D:2      | Found a radiant altar of Vehumet.
  6018 | D:2      | Found a shimmering altar of Xom.
  6158 | D:2      | Found a faded altar to an unknown god.
  6247 | D:2      | Noticed Natasha
  6265 | D:2      | Killed Natasha
  6276 | D:2      | Noticed Natasha
  6288 | D:2      | Killed Natasha
  6589 | D:5      | Entered Level 5 of the Dungeon
  7015 | D:5      | Noticed Blork the orc
  7073 | D:5      | Found a sand-covered staircase.
  7082 | Ossuary  | Entered an ossuary
  7091 | Ossuary  | Reached ** piety under Sif Muna
  7091 | Ossuary  | Reached skill level 7 in Conjurations
  7222 | Ossuary  | Reached XP level 8. HP: 44/46 MP: 3/12
  7494 | Ossuary  | Reached skill level 8 in Conjurations
  8673 | D:5      | Killed Blork the orc
  8673 | D:5      | Reached skill level 9 in Conjurations
  8981 | D:6      | Reached *** piety under Sif Muna
  9255 | D:6      | Noticed Pikel
  9319 | D:6      | Killed Pikel
  9319 | D:6      | Reached skill level 10 in Conjurations
  9319 | D:6      | Reached XP level 9. HP: 19/51 MP: 3/13
  9609 | D:6      | Reached **** piety under Sif Muna
  9609 | D:6      | Reached skill level 11 in Conjurations
 10647 | D:7      | You fall through a shaft for 3 floors!
 10647 | D:10     | Entered Level 10 of the Dungeon
 10670 | D:10     | Reached ***** piety under Sif Muna
 10670 | D:10     | Reached skill level 12 in Conjurations
 10689 | D:10     | Learned a level 1 spell: Corona
 10758 | D:10     | Reached skill level 1 in Invocations
 11319 | D:10     | Reached XP level 10. HP: 31/56 MP: 13/16
 11463 | D:10     | Noticed a hill giant
 11611 | D:10     | Killed a hill giant
 11835 | D:10     | Found a runed door.
 11843 | D:10     | Found a runed door.
 11967 | D:10     | Noticed a hill giant
 11987 | D:10     | Killed a hill giant
 11987 | D:10     | Reached skill level 5 in Spellcasting
 12236 | D:10     | Learned a level 1 spell: Apportation
 12243 | D:10     | Learned a level 2 spell: Call Imp
 12309 | D:9      | Found a staircase to the Lair.
 12358 | D:9      | Found Jiah's Armour Shoppe.
 12409 | D:9      | Found a staircase to the Orcish Mines.
 12412 | D:9      | Found Ipi Uhoh's Weapon Shoppe.
 12665 | D:9      | Reached skill level 5 in Charms
 13778 | D:9      | Found a sparkling altar of Nemelex Xobeh.
 14573 | D:8      | Reached skill level 1 in Shields
 15029 | D:7      | Noticed Joseph
 15211 | D:7      | Killed Joseph
 15211 | D:7      | Reached ****** piety under Sif Muna
 15211 | D:7      | Received a gift from Sif Muna
 15212 | D:7      | Identified Sif Muna's Tome of Damage Dealing and Envenoming (Sif Muna gifted it to you on level 7 of the Dungeon)
 15215 | D:7      | Learned a level 1 spell: Sting
 15220 | D:7      | Learned a level 4 spell: Iskenderun's Mystic Blast
 15474 | D:7      | Found an opulent altar of Gozag.
 15477 | D:7      | Found an ancient bone altar of Kikubaaqudgha.
 15480 | D:7      | Found a shattered altar of Ashenzari.
 15500 | D:7      | Got a brightly glowing spear
 15501 | D:7      | Identified the +5 spear "Letefe" {pierce, *Noise rF+ MP+9 Int-3} (You found it on level 7 of the Dungeon)
 15592 | D:7      | Noticed Prince Ribbit
 15602 | D:7      | Killed Prince Ribbit
 15745 | D:7      | Reached XP level 11. HP: 54/61 MP: 20/20
 16039 | Lair:1   | Entered Level 1 of the Lair of Beasts
 16068 | Lair:1   | Got a shimmering dagger
 16083 | Lair:1   | Identified the +10 dagger of Death's Door {drain, MR- Int+5 Dex+9} (You found it on level 1 of the Lair of Beasts)
 16724 | Lair:1   | Noticed Urug
 17012 | Lair:1   | Noticed Gastronok
 17448 | Lair:1   | Killed Urug
 17457 | Lair:1   | Gained mutation: Your spells are a little harder to cast, but a little more powerful. [potion of beneficial mutation]
 17758 | Lair:2   | Noticed Erica
 17764 | Lair:2   | Killed Erica
 18017 | Lair:2   | Noticed Nergalle
 18281 | Lair:2   | Killed Nergalle
 18410 | Lair:1   | Learned a level 6 spell: Iron Shot
 18425 | Lair:2   | Reached skill level 1 in Earth Magic
 18518 | Lair:2   | Received a gift from Sif Muna
 18518 | Lair:2   | Reached skill level 13 in Conjurations
 18519 | Lair:2   | Identified Sif Muna's Tome of Torrid Blows and Bruises (Sif Muna gifted it to you on level 2 of the Lair of Beasts)
 19021 | Lair:2   | Reached XP level 12. HP: 66/66 MP: 10/24
 19064 | Lair:2   | Reached skill level 5 in Earth Magic
 19278 | Lair:2   | Noticed a four-headed hydra
 19282 | Lair:2   | Killed a four-headed hydra
 20364 | Lair:3   | Found a staircase to the Snake Pit.
 20850 | Lair:3   | Found a staircase to the Swamp.
 20983 | Lair:3   | Received a gift from Sif Muna
 20984 | Lair:3   | Identified Sif Muna's Volume of Floating Arcane Weapons (Sif Muna gifted it to you on level 3 of the Lair of Beasts)
 21772 | Lair:4   | Reached skill level 10 in Earth Magic
 22489 | Lair:5   | Reached XP level 13. HP: 71/71 MP: 20/26
 22870 | Lair:5   | Noticed Metrazal's ghost (journeyman SpAs)
 23097 | Lair:4   | Learned a level 7 spell: Delayed Fireball
 23249 | Lair:4   | Reached skill level 1 in Fire Magic
 24153 | Lair:5   | Reached skill level 10 in Spellcasting
 24367 | Lair:5   | Received a gift from Sif Muna
 24368 | Lair:5   | Identified Sif Muna's Compendium of Stones (Sif Muna gifted it to you on level 5 of the Lair of Beasts)
 24748 | Lair:5   | Killed Metrazal's ghost
 24752 | Lair:5   | Reached skill level 5 in Fire Magic
 25258 | Lair:5   | Reached skill level 5 in Invocations
 25518 | Lair:2   | Learned a level 5 spell: Bolt of Magma
 25523 | Lair:2   | Learned a level 4 spell: Petrify
 25637 | Lair:1   | Killed Gastronok
 27059 | Lair:7   | Noticed Nessos
 27252 | Lair:7   | Reached XP level 14. HP: 76/76 MP: 12/28
 27413 | Lair:7   | Reached skill level 10 in Invocations
 27822 | Lair:7   | Found a staircase to the Slime Pits.
 28628 | Lair:8   | Entered Level 8 of the Lair of Beasts
 28909 | Lair:7   | Shot with a poisoned arrow by Nessos

Action                   |  1- 3 |  4- 6 |  7- 9 | 10-12 | 13-15 || total
-------------------------+-------+-------+-------+-------+-------++-------
Melee: Dagger            |     1 |       |     9 |       |       ||    10
       Falchion          |    24 |    22 |       |       |       ||    46
       Morningstar       |       |     4 |       |       |       ||     4
       Trident           |       |    71 |   327 |   229 |       ||   627
       Unarmed           |       |       |     9 |       |       ||     9
       Spear             |       |       |       |   421 |   109 ||   530
       Staff             |       |       |       |     5 |     8 ||    13
Throw: Javelin           |       |    12 |     4 |       |       ||    16
       Tomahawk          |       |     4 |     3 |       |       ||     7
 Cast: Magic Dart        |    51 |   137 |   136 |   219 |   111 ||   654
       Conjure Flame     |       |    12 |    58 |    76 |    24 ||   170
       Mephitic Cloud    |       |     2 |    24 |    83 |    25 ||   134
       Repel Missiles    |       |       |     3 |     2 |       ||     5
       Blink             |       |       |     1 |    21 |    11 ||    33
       Iskenderun's Myst |       |       |       |    83 |   122 ||   205
       Sting             |       |       |       |    14 |       ||    14
       Apportation       |       |       |       |     2 |     1 ||     3
       Iron Shot         |       |       |       |     1 |    48 ||    49
       Bolt of Magma     |       |       |       |       |     8 ||     8
       Petrify           |       |       |       |       |     1 ||     1
Invok: Channel Energy    |       |       |       |    60 |   181 ||   241
       Forget Spell      |       |       |       |       |     3 ||     3
Evoke: Wand              |       |       |    17 |       |       ||    17
  Use: Potion            |       |     2 |     1 |     1 |       ||     4
       Scroll            |       |       |       |    11 |     7 ||    18
 Stab: Sleeping          |       |     1 |       |       |     1 ||     2
       Confused          |       |       |     7 |    34 |     2 ||    43
  Eat: Chunk             |     2 |    12 |    23 |    38 |    69 ||   144
       Fruit             |       |       |     2 |     1 |     1 ||     4
       Pizza             |       |       |     1 |     1 |     1 ||     3
       Bread ration      |       |       |       |     3 |     2 ||     5
